 Dungeon Crawl Stone Soup version 0.30-a0-765-g3161bf10a1 (webtiles) character file.

Game seed: 16684645533563611188

1947 Drevant2 the Trooper (level 9, -3/68 HPs)
             Began as a Djinni Air Elementalist on Feb 12, 2023.
             Was an Initiate of Ashenzari.
             Killed from afar by a steam dragon (4 damage)
             ... with a ball of steam
             ... on level 8 of the Dungeon.
             The game lasted 00:23:09 (8517 turns).

Drevant2 the Trooper (Djinni Air Elementalist)      Turns: 8517, Time: 00:23:10

Health: -3/68      AC:  2    Str:  7    XL:     9   Next: 41%
Gold:   369        EV: 15    Int: 22    God:    Ashenzari [......] SH:  5 Dex: 16

rFire   + + .      SeeInvis .    q - +2 rapier of the Restrained Comet {freeze, rC+ Dex+3, Range, Melee} (curse)
rCold   + . .      Faith    .    (no shield)
rNeg    . . .      Spirit   .    a - +0 robe
rPois   ∞          Reflect  +    (no helmet)
rElec   .          Harm     .    (no cloak)
rCorr   .          Rampage  .    (no gloves)
Will    .....                    (boots unavailable)
Stlth   ++                       A - amulet of Geset {Reflect rC+ SH+5}
HPRegen 0.31/turn                (no ring)
MPRegen 0.00/turn                (no ring)

@: sluggish, flying, very slow
A: sickness immunity, fire resistance 2, cold vulnerability 1, float, innate
caster, HP casting, extra vitality 1
a: Renounce Religion, Shatter the Chains


You were on level 8 of the Dungeon.
You worshipped Ashenzari.
Ashenzari was noncommittal.
You visited 2 branches of the dungeon, and saw 9 of its levels.

You collected 369 gold pieces.

Inventory:

Hand Weapons
 c - a +1 dagger of speed
 q - the cursed +2 rapier of the Restrained Comet (weapon) {freeze, rC+ Dex+3, Range, Melee}
   (You found it on level 4 of the Dungeon)

   Dex:       It affects your dexterity (+3).
   rC:        It protects you from cold.
   It has a curse which improves the following skills: Ranged Combat: Ranged
   Weapons and Throwing.
   Melee Combat: Short Blades, Long Blades, Axes, Maces & Flails, Polearms,
   Staves and Unarmed Combat.
Armour
 a - a +0 robe (worn)
 n - a +0 pair of gloves
Jewellery
 d - a ring of ice
 A - the amulet of Geset (around neck) {Reflect rC+ SH+5}
   (You found it on level 6 of the Dungeon)

   [amulet of reflection]

   It reflects blocked missile attacks.
   rC:        It protects you from cold.
   SH:        It affects your SH (+5).
 C - a +6 ring of intelligence
Wands
 o - a wand of charming (15)
 v - a wand of quicksilver (11)
 x - a wand of digging (4)
Scrolls
 f - a scroll of torment {unknown}
 g - 2 scrolls of fear {unknown}
 h - 8 scrolls of teleportation
 k - a scroll of blinking {unknown}
 m - a scroll of fog {unknown}
 t - 5 scrolls of enchant weapon {unknown}
 u - 4 scrolls of identify {unknown}
 w - 2 scrolls of poison {unknown}
 y - a scroll of noise {unknown}
 z - a scroll of enchant armour {unknown}
 B - a scroll of brand weapon {unknown}
Potions
 b - a potion of magic
 e - 2 potions of flight {unknown}
 i - a potion of lignification
 j - 3 potions of curing
 l - a potion of brilliance
 p - a potion of haste
 r - 3 potions of attraction {unknown}
 s - 2 potions of degeneration {unknown}
 D - a potion of cancellation {unknown}
 E - a potion of ambrosia {unknown}


   Skills:
 - Level 7.1 Fighting
 - Level 5.4(5.8) Short Blades
 - Level 7.0 Dodging
 - Level 1.5 Stealth
 * Level 3.3 Spellcasting


You couldn't memorise any spells.
You knew the following spells:

 Your Spells              Type           Power      Damage    Failure   Level
a - Shock                 Conj/Air       72%        1d7       3%          1
b - Static Discharge      Conj/Air       36%        2-4/arc   4%          2
c - Swiftness             Air            18%        N/A       9%          3
d - Airstrike             Air            9%         2d(2-18)  30%         4
e - Magic Dart            Conj           72%        1d6       3%          1
f - Poisonous Vapours     Pois/Air       36%        N/A       4%          2
g - Portal Projectile     Hex/Tloc       36%        N/A       9%          3
h - Teleport Other        Tloc           18%        N/A       9%          3
Your spell library was empty.

Dungeon Overview and Level Annotations

Branches:
Dungeon (8/15)             Temple (1/1) D:7
   Lair: D:8-11

Altars:
Ashenzari
Cheibriados
Elyvilon
Gozag
Hepliaklqana
Makhleb
Nemelex Xobeh
Qazlal
Ru
Trog
Uskayaw
Wu Jian
Xom
Zin
The Shining One

Annotations:
D:2 Sigmund
D:3 3 runed translucent doors, Olga's ghost, amateur HuFi
D:5 2 transporters
D:8 Pikel


Innate Abilities, Weirdness & Mutations

You are immune to sickness and miasma.
You are immune to poison.
Your flesh is very heat resistant. (rF++)
You are vulnerable to cold. (rC-)
You float through the air rather than walking.
You learn spells naturally, not from books.
Your magical power is your life essence.
You have superior vitality. (+4 MHP)


Message History

The gnoll bouda barks out a call to the hunt!
The gnoll picks up the pace!
A lemure comes into view.
You start to feel a little slower.
Found a leather armour and 6 javelins.
You feel sluggish.
The lemure shouts!
The lemure shouts!
The gnoll is no longer moving quickly.
The gnoll hits you with a +0 whip.
* * * LOW HITPOINT WARNING * * *
A jelly comes into view.
The gnoll hits you with a +0 whip.
* * * LOW HITPOINT WARNING * * *
Okay, then.
As you read the scroll of teleportation, it crumbles to dust.
You feel strangely unstable.
The centaur unwields a +0 shortbow.
The centaur completely misses you. You block the centaur's attack.
Pikel zaps a wand.
You easily resist.
The gnoll hits you with a +0 whip!
* * * LOW HITPOINT WARNING * * *
The gnoll attacks as you move away! The gnoll completely misses you.
The centaur attacks as you move away! The centaur hits you.
* * * LOW HITPOINT WARNING * * *
The centaur kicks you.
* * * LOW HITPOINT WARNING * * *
The lemure attacks as you move away! The lemure hits you.
* * * LOW HITPOINT WARNING * * *
The centaur wields a +0 shortbow.
The centaur shoots an arrow.
The arrow hits you!
* * * LOW HITPOINT WARNING * * *
The centaur shoots an arrow.
The arrow hits you.
* * * LOW HITPOINT WARNING * * *
You start to feel a little faster.
Your surroundings suddenly seem different.
The steam dragon hisses angrily.
The steam dragon breathes steam at you. The ball of steam hits you. You resist.
* * * LOW HITPOINT WARNING * * *
The steam dragon breathes steam at you. The ball of steam hits you. You resist.
You die...

..######
#.....#
#.....#
#..<..#
.###h.D..#
......§..#
...##..§§.#
#. #..§§.#
. #...@§#
#....§#
#######


You could see a black bear.

Vanquished Creatures
  A water moccasin (D:7)
  A black bear (D:7)
  A sky beast (D:7)
  2 ice beasts (D:7)
  4 centaurs
  A necrophage (D:4)
  4 scorpions
  4 killer bees
  4 howler monkeys
  A jelly (D:7)
  3 hounds
  A gnoll bouda (D:3)
  An orc priest (D:6)
  An iguana (D:6)
  3 orc wizards
  15 gnolls
  3 adders
  2 shadow imps (D:7)
  An ufetubus (D:3)
  A worm (D:3)
  4 dart slugs
  9 orcs
  5 bats
  3 endoplasms
  3 giant cockroaches
  8 goblins
  2 hobgoblins
  4 jackals (D:2)
  4 quokkas
  8 ball pythons
  2 frilled lizards (D:1)
  2 kobolds
  5 rats
113 creatures vanquished.

Vanquished Creatures (others)
  14 plants (D:3)
14 creatures vanquished.

Grand Total: 127 creatures vanquished

Notes
Turn   | Place    | Note
-------+----------+-------------------------------------------
     0 | D:1      | Drevant2 the Djinni Air Elementalist began the quest for
                  | the Orb.
     0 | D:1      | Drevant2 set off with the following spells memorised:
                  | Shock, Static Discharge, Swiftness, Airstrike.
     0 | D:1      | Reached XP level 1. HP: 15/15 MP: 0/0
    80 | D:1      | Reached XP level 2. HP: 18/21 MP: 0/0
   390 | D:1      | Reached XP level 3. HP: 24/25 MP: 0/0
   390 | D:1      | Learned a level 1 spell: Magic Dart
   837 | D:2      | Noticed Sigmund
   931 | D:2      | Found an ornate altar of the Wu Jian Council.
  1112 | D:3      | Reached XP level 4. HP: 24/31 MP: 0/0
  1348 | D:3      | Reached XP level 5. HP: 22/35 MP: 0/0
  1348 | D:3      | Learned a level 2 spell: Poisonous Vapours
  1531 | D:3      | Reached skill level 5 in Dodging
  1548 | D:3      | Found a shimmering altar of Xom.
  1673 | D:3      | Reached skill level 1 in Fighting
  1786 | D:3      | Found a faded altar of an unknown god.
  1888 | D:3      | Found a runed translucent gate.
  1888 | D:3      | Found a runed translucent gate.
  1888 | D:3      | Found a runed translucent gate.
  1889 | D:3      | Noticed Olga's ghost (amateur HuFi)
  1890 | D:3      | Noticed a kobold brigand
  1960 | D:3      | Found a burning altar of Makhleb.
  2482 | D:4      | Reached XP level 6. HP: 38/43 MP: 0/0
  3111 | D:4      | Found a sacrificial altar of Ru.
  3304 | D:4      | Identified the +2 rapier of Yredelemnul, Hammering {freeze,
                  | rC+ Dex+3}
  3417 | D:4      | Found a hide-covered altar of Uskayaw.
  3432 | D:4      | Reached skill level 1 in Short Blades
  3634 | D:5      | Entered Level 5 of the Dungeon
  3647 | D:5      | Reached XP level 7. HP: 43/50 MP: 0/0
  3647 | D:5      | Learned a level 3 spell: Portal Projectile
  3763 | D:5      | Found a snail-covered altar of Cheibriados.
  3769 | D:5      | Found a bloodstained altar of Trog.
  4445 | D:5      | Found a transporter.
  4456 | D:5      | Noticed a fire bat
  4456 | D:5      | Noticed a fire bat
  4476 | D:5      | Found a transporter.
  4687 | D:6      | Identified the amulet of Geset {Reflect rC+ SH+5}
  5078 | D:6      | Reached XP level 8. HP: 44/56 MP: 0/0
  5095 | D:6      | Reached skill level 5 in Short Blades
  5298 | D:7      | Found a staircase to the Ecumenical Temple.
  5306 | Temple   | Entered the Ecumenical Temple
  5503 | Temple   | Became a worshipper of Ashenzari the Shackled
  5894 | D:6      | Reached skill level 5 in Fighting
  6863 | D:7      | Reached XP level 9. HP: 65/67 MP: 0/0
  6863 | D:7      | Learned a level 3 spell: Teleport Other
  7904 | D:8      | Noticed Pikel
  7920 | D:8      | Noticed a hornet
  8060 | D:7      | Found a glowing silver altar of Zin.
  8516 | D:8      | HP: 1/68 [steam dragon/ball of steam (5)]
  8517 | D:8      | Killed from afar by a steam dragon

Illustrated notes

Levels and vault maps discovered:
D:1:      scummos_arrival_forest, layout_rooms
D:2:      wander_river, layout_loops_cross, basic_altar, uniq_jessica,
          uniq_sigmund
D:3:      layout_loops_ring, lightli_temple_of_fire,
          mainiacjoe_overflow_small_starburst, shapermc_ecumenical_altar_ellora,
          gammafunk_ghost_nasty_kobolds, nicolae_grassy_gnolls
D:4:      layout_rooms, nicolae_uskayaw_dance_hall, lemuel_tele_altar,
          serial_curves, eino_curves_04, eino_curves_02, eino_curves_04,
          minmay_cupped
D:5:      gammafunk_cloud_chamber, layout_gridville,
          mainiacjoe_overflow_six_doors_small, lemuel_crystal_altar,
          st_stairs_14, water_maze_lemuel
D:6:      layout_rooms, kennysheep_generic_room_4
D:7:      layout_loops_ring, marbit_many_paths, minmay_temple_entry_mist
D:8:      layout_rooms, old_standard_altar, lemuel_crystal_altar, uniq_pikel,
          uniq_erica, uniq_gastronok
Temple:   grunt_temple_mini_profane

Skill      XL: |  1  2  3  4  5  6  7  8  9 |
---------------+----------------------------+-----
Spellcasting   | 3 |  3.3
Dodging        | 3 4 5 7 |  7.0
Fighting       | 2 3 6 7 |  7.1
Short Blades   | 2 4 5 |  5.4
Stealth        | |  1.5

Action                     |  1- 3 |  4- 6 |  7- 9 || total
---------------------------+-------+-------+-------++-------
  Melee: Dagger            |     4 |    11 |       ||    15
         Rapier            |       |       |    32 ||    32
   Cast: Shock             |    77 |   105 |   109 ||   291
         Static Discharge  |       |     5 |    20 ||    25
         Poisonous Vapours |       |       |    26 ||    26
         Portal Projectile |       |       |     1 ||     1
         Swiftness         |       |       |     1 ||     1
 Invoke: Curse Item        |       |       |     1 ||     1
    Use: Potion            |       |     5 |     3 ||     8
         Scroll            |       |       |     2 ||     2
 Armour: Robe              |    13 |     4 |    10 ||    27
         Skin              |       |     3 |       ||     3
  Dodge: Dodged            |    13 |    24 |   101 ||   138
  Block: Other             |       |       |    28 ||    28
         Reflection        |       |       |     7 ||     7

Table legend: (Time is in decaauts)
 A = Elapsed time spent in this place.
 B = Non-inter-level travel time spent in this place.
 C = Inter-level travel time spent in this place.
 D = Time resting spent in this place.
 E = Time spent auto-exploring this place.
 F = Levels seen in this place.
 G = Mean time per level.
                   A        B        C        D        E       F      G
               +--------+--------+--------+--------+--------+-----+--------+
         Total |   8544 |   7344 |   1200 |   3273 |   3063 |   9 |  949.3 |
       Dungeon |   8322 |   7156 |   1166 |   3273 |   2879 |   8 | 1040.2 |
        Temple |    221 |    187 |     34 |      0 |    184 |   1 |  221.0 |
               +--------+--------+--------+--------+--------+-----+--------+

Top non-repeatable levels by time:
     D:7: 2072 daAuts
     D:3: 1809 daAuts
     D:6: 1601 daAuts
     D:5: 926 daAuts
     D:4: 800 daAuts
     D:1: 547 daAuts
     D:2: 487 daAuts
  Temple: 221 daAuts
     D:8: 78 daAuts
